 Dungeon Crawl Stone Soup version 0.17-a0-2231-gd80ca38 (webtiles) character file.

12 ololoev the Insei (level 2, 6/24 HPs)
             Began as a Demonspawn Monk on Oct 29, 2015.
             Quit the game on level 3 of the Dungeon.
             The game lasted 00:01:02 (129 turns).

ololoev the Insei (Demonspawn Monk)                  Turns: 129, Time: 00:01:02

Health: 6/24       AC:  2    Str: 16    XL:     2   Next: 20%
Magic:  0/2        EV: 13    Int: 11    God:
Gold:   0          SH:  0    Dex: 15    Spells: 0 memorised, 1 level left

rFire  . . .     SeeInvis .       - Unarmed
rCold  . . .     Clarity  .     a - +0 robe
rNeg   . . .     SustAt   .     (no shield)
rPois  .         Gourm    .     (no helmet)
rElec  .         Spirit   +     (no cloak)
rCorr  .         Warding  .     (no gloves)
rMut   .         Stasis   .     (no boots)
MR     .....                    (no amulet)
Stlth  ++........               (no ring)
                                (no ring)

@: mighty, lethally poisoned (6 -> -7), not resistant to hostile enchantments,
unstealthy
A: magic shield
a: no special abilities


Innate Abilities, Weirdness & Mutations

When hurt, damage is shared between your health and your magic reserves.

Inventory:

Armour
 a - a +0 robe (worn)
Comestibles
 b - a bread ration
 d - 2 chunks of flesh


   Skills:
 - Level 3.0 Fighting
 + Level 0.8 Armour
 - Level 2.6 Dodging
 - Level 1.7 Stealth
 * Level 3.9 Unarmed Combat


You had one spell level left.
You didn't know any spells.


You were on level 3 of the Dungeon.
You were not hungry.

You visited 1 branch of the dungeon, and saw 3 of its levels.

### #.# #.# ...... #.#
#.# ...... #.# #.#
...... #.# #.#
......###.#+########.#
.....................#
...............#######
...............#
.......@.......#
......W........#
...<......)....#
....(..........#
######.........#
#.........#
#.........#
###########

Notes
Turn   | Place    | Note
--------------------------------------------------------------
     0 | D:1      | ololoev the Demonspawn Monk began the quest for the Orb.
     0 | D:1      | Reached XP level 1. HP: 18/18 MP: 1/1
    84 | D:3      | Gained mutation: When hurt, damage is shared between your health and your magic reserves. [demonic ancestry]
    84 | D:3      | Reached XP level 2. HP: 13/24 MP: 2/2
    95 | D:3      | Found a bloodstained altar of Trog.
    95 | D:3      | Found an iron altar of Okawaru.
   122 | D:3      | Noticed Kidiri's ghost (amateur SpEn)
   129 | D:3      | Quit the game

Dungeon Overview and Level Annotations

Branches:
Dungeon (3/15)

Altars:
Okawaru
Trog

Annotations:
D:3 Kidiri's ghost, amateur SpEn


Message History

You feel sick. The adder misses you.
You closely miss the adder.
The adder is severely wounded.
The adder barely misses you.
You hit the adder.
You kill the adder!
You have reached level 2!
Your demonic ancestry asserts itself...
You feel your magical essence form a protective shroud around your flesh.
You see here an adder corpse.
You butcher the adder corpse.
You feel sick.
d - 2 chunks of flesh You see here an adder skeleton.
You feel sick.
You are no longer poisoned.
You open the door.
Found a bloodstained altar of Trog and an iron altar of Okawaru.
There is an open door here.
There is an open door here.
Found a short sword.
Found 26 stones.
Found an escape hatch in the ceiling.
Kidiri's ghost (amateur Spriggan Enchanter) comes into view.
It is wielding a weapon of venom.
Kidiri's ghost turns its malevolent gaze towards you.
Kidiri's ghost casts a spell at you. You resist with significant effort.
Drink which item? (? for menu, Esc to quit)
It was a potion of might.
You feel very mighty all of a sudden.
Press: ? - help, v - describe, . - travel
Here: Kidiri's ghost, wielding a weapon of venom The floor.
Kidiri's ghost casts a spell at you. You resist with significant effort.
Kidiri's ghost hits you.
You are poisoned.
You closely miss Kidiri's ghost.
You feel sick. Kidiri's ghost hits you.
You miss Kidiri's ghost.
You feel sick. Kidiri's ghost hits you.
You are lethally poisoned!
Are you sure you want to abandon this character and quit the game? (Confirm with "yes".)

You could see Kidiri's ghost.

Vanquished Creatures
  An adder (D:3)
  A hobgoblin (D:3)
  A kobold (D:1)
  A goblin (D:1)
4 creatures vanquished.

Action                   || total
-------------------------++-------
Melee: Unarmed           ||    19
  Use: Potion            ||     1
 Stab: Sleeping          ||     4

Vault maps used:
D:1:      scummos_arrival_simple_fountains, kennysheep_another_room,
          grunt_decor_cap
D:2:      grunt_gozag_breadcrumbs, first_bread
D:3:      gammafunk_temple_overflow_statue, uniq_terence, uniq_iyjb
